 Dungeon Crawl Stone Soup version 0.23-b1-3-gdda8187c6f (webtiles) character file.

Game seed: 16537476809476718422

106598 MelsaHvarei the Impaler (level 16, -2/130 HPs)
             Began as a Merfolk Abyssal Knight on Jan 31, 2019.
             Was a High Priest of Lugonu.
             Incinerated by a balrug (4 damage)
             ... with a sticky flame
             ... on level 1 of the Abyss on Feb 1, 2019.
             The game lasted 02:04:48 (48125 turns).

MelsaHvarei the Impaler (Merfolk Abyssal Knight)   Turns: 48125, Time: 02:04:49

Health: -2/130     AC: 23    Str: 14    XL:     16   Next: 44%
Magic:  5/25       EV: 24    Int: 12    God:    Lugonu [*****.]
Gold:   460        SH: 12    Dex: 25    Spells: 12/27 levels left

rFire    x . .     SeeInvis +   X - +10 spear of Sefulid {drain, +Inv rF- Dex+4 SInv}
rCold    + . .     Gourm    .   s - +0 buckler
rNeg     . . .     Faith    .   R - +5 leather armour of Daffodils {rC+ Slay+2 SInv}
rPois    .         Spirit   .   S - +2 helmet
rElec    .         Reflect  +   P - +2 cloak
rCorr    .         Harm     .   e - +2 pair of gloves
MR       +....                  u - +2 pair of boots {run}
Stlth    +.........             N - +6 amulet of reflection
HPRegen  0.31/turn              H - +3 ring of protection
MPRegen  0.19/turn              B - +5 ring of dexterity

@: liquid flames, very slightly contaminated, glowing, drained, quick
A: change form in water, swift swim, stealthy swim, dopey 1
a: Depart the Abyss, Bend Space, Banish, Corrupt, Enter the Abyss, Renounce
Religion, Evoke Invisibility


You were on level 1 of the Abyss.
You worshipped Lugonu.
Lugonu was extremely pleased with you.
You were not hungry.

You visited 6 branches of the dungeon, and saw 26 of its levels.
You visited the Abyss 2 times.
You also visited: Gauntlet.

You collected 2245 gold pieces.
You spent 1785 gold pieces at shops.

Inventory:

Hand Weapons
 X - the +10 spear of Sefulid (weapon) {drain, +Inv rF- Dex+4 SInv}
   (You found it on level 6 of the Lair of Beasts)

   A truly terrible weapon, it drains the life of those it strikes.
   It affects your dexterity (+4).
   It makes you vulnerable to fire.
   It lets you see invisible.
   It lets you turn invisible.
Armour
 e - a +2 pair of gloves (worn)
 s - a +0 buckler (worn)
 u - a +2 pair of boots of running (worn)
 G - a +1 pair of boots of flying
 P - a +2 cloak (worn)
 R - the +5 leather armour of Daffodils (worn) {rC+ Slay+2 SInv}
   (You found it on level 3 of the Lair of Beasts)

   It affects your accuracy and damage with ranged weapons and melee attacks
   (+2).
   It protects you from cold.
   It lets you see invisible.
 S - a +2 helmet (worn)
Jewellery
 b - an uncursed amulet of rage
 f - an uncursed ring of fire
 x - an uncursed amulet of the gourmand
 B - a +5 ring of dexterity (right hand)
 H - a +3 ring of protection (left hand)
 N - a +6 amulet of reflection (around neck)
Wands
 a - a wand of disintegration (27)
 i - a wand of paralysis (18)
 l - a wand of digging (8)
 q - a wand of random effects (22)
 t - a wand of scattershot (2)
 F - a wand of acid (14)
 K - a wand of polymorph (13)
 L - a wand of enslavement (16)
 M - a wand of flame (46)
 O - a wand of iceblast (21)
Scrolls
 h - 7 scrolls of remove curse
 j - 4 scrolls of teleportation
 m - 2 scrolls of fog
 o - 3 scrolls of amnesia
 p - a scroll of vulnerability {unknown}
 y - a scroll of magic mapping
 D - a scroll of summoning
 Q - 3 scrolls of holy word
 T - 3 scrolls of identify
 W - a scroll of fear
Potions
 d - 2 potions of haste
 g - 6 potions of brilliance
 k - a potion of agility
 n - 6 potions of curing
 r - 2 potions of flight
 v - 3 potions of ambrosia
 w - 5 potions of might
 Y - a potion of magic
 Z - a potion of lignification
Comestibles
 c - 33 rations


   Skills:
 + Level 13.0(11.9) Fighting
 - Level 20.0(18.8) Polearms
 - Level 0.6(0.0) Armour
 + Level 13.4(12.4) Dodging
 - Level 1.4(0.7) Stealth
 - Level 4.7(3.9) Shields
 - Level 6.0(5.2) Spellcasting
 - Level 8.0(7.1) Charms
 - Level 12.0(11.0) Summonings
 - Level 12.0(11.0) Invocations


You had 12 spell levels left.
You knew the following spells:

 Your Spells              Type           Power        Failure   Level  Hunger
a - Call Imp              Summ           ####....     1%          2    ##.....
b - Summon Demon          Summ           ####......   8%          5    ######.
c - Spectral Weapon       Hex/Chrm       ##......     17%         3    ###....
d - Aura of Abjuration    Summ           ####......   8%          5    ######.

Your spell library contained the following spells:

 Spells                   Type           Power        Failure   Level  Hunger
 Infusion                 Chrm           ###.         1%          1    None
 Summon Small Mammal      Summ           ####         1%          1    None
 Call Canine Familiar     Summ           ####....     1%          3    ###....
 Summon Guardian Golem    Hex/Summ       ###.....     8%          3    ###....
 Confusing Touch          Hex            #.....       26%         1    None
 Corona                   Hex            #......      26%         1    None
 Flame Tongue             Conj/Fire      #....        26%         1    None
 Magic Dart               Conj           #...         26%         1    None
 Sting                    Conj/Pois      #...         26%         1    None
 Summon Ice Beast         Ice/Summ       ###.....     26%         4    ####...
 Summon Lightning Spire   Summ/Air       ###.....     26%         4    ####...
 Ensorcelled Hibernation  Hex/Ice        #.....       36%         2    ##.....
 Throw Flame              Conj/Fire      #.....       36%         2    ##.....
 Shadow Creatures         Summ           N/A          38%         6    #######
 Confuse                  Hex            #.......     58%         3    ###....
 Conjure Flame            Conj/Fire      #.......     58%         3    ###....
 Dazzling Spray           Conj/Hex       #.....       58%         3    ###....
 Gell's Gravitas          Tloc           #.........   58%         3    ###....
 Inner Flame              Hex/Fire       #.......     58%         3    ###....
 Portal Projectile        Hex/Tloc       #.....       58%         3    ###....
 Spider Form              Tmut/Pois      #.........   58%         3    ###....
 Tukima's Dance           Hex            #.......     58%         3    ###....
 Summon Forest            Summ/Tloc      ###.......   58%         5    ######.
 Excruciating Wounds      Chrm/Necr      ##........   85%         5    ######.
 Petrify                  Tmut/Erth      #.......     94%         4    ####...
 Sticky Flame             Conj/Fire      #.......     94%         4    ####...
 Fireball                 Conj/Fire      #.........   100%        5    ######.
 Lightning Bolt           Conj/Air       #.........   100%        5    ######.
 Metabolic Englaciation   Hex/Ice        #.........   100%        5    ######.
 Yara's Violent Unravell  Hex/Tmut       #.........   100%        5    ######.
 Deflect Missiles         Chrm/Air       ##........   100%        6    #######
 Spellforged Servitor     Conj/Summ      ###.......   100%        7    #######


Dungeon Overview and Level Annotations

Branches:
Dungeon (15/15)            Temple (1/1) D:7            Lair (6/6) D:10
  Swamp (1/4) Lair:2        Snake (0/4) Lair:2        Slime (0/5) Lair:6
    Orc (2/2) D:12            Elf (0/3) Orc:2        Vaults (0/5) D:13
 Depths (1/5) D:15

Altars:
Ashenzari
Cheibriados
Dithmenos
Elyvilon
Gozag
Hepliaklqana
Kikubaaqudgha
Makhleb
Nemelex Xobeh
Okawaru
Qazlal
Ru
Sif Muna
Trog
Uskayaw
Vehumet
Wu Jian
Xom
Yredelemnul
Zin
The Shining One
Beogh

Shops:
D:6 [   D:8 (   D:9 *   D:14 [   Orc:2 *:}[

Annotations:
D:10 , corrupted
D:14 corrupted
Swamp:1 1 transporter
Orc:1 corrupted


Innate Abilities, Weirdness & Mutations

You revert to your normal form in water You are very nimble and swift while swimming.
You are very stealthy in the water. (Stealth+)
You are dopey. (Int -2)


Message History

Press: ? - help, v - describe, . - travel
Here: a balrug, wielding a +2 demon whip of draining (durably summoned)
The floor.
Okay, then.
Casting: Summon Demon (safe; 8% risk of failure)
Confirm with . or Enter, or press ? or * to list all spells.
A beastly little devil appears in a puff of flame.
You are covered in liquid flames!
* * * LOW HITPOINT WARNING * * *
The balrug completely misses you. The shadow closely misses you.
The swamp drake breathes noxious fumes at you.
The noxious blast engulfs you but does no damage.
Unknown command.
To return, you must find a gate leading back.
Killing monsters will force the Abyss to allow you passage.
This branch contains the abyssal rune of Zot.
You feel quite a bit more hungry.
Lugonu is no longer ready to corrupt your weapon.
You are covered in liquid flames!
You die...

. #.'.'.. .#
....... #.
....... #.
....... ###.
..... ...
...
#.#.#.#.#.
#.@.......
#...##..!#..
###. .....
#. ..#. #.
... #. .. .#
. .


There were no monsters in sight!

Vanquished Creatures
  Rupert (Lair:4)
  Agnes (D:15)
  A thorn hunter (Swamp:1)
  Donald (Orc:2)
  A minotaur (Gauntlet)
  5 dire elephants (Lair:6)
  An ettin (Orc:2)
  Josephine (Lair:6)
  Erolcha (Orc:2)
  The ghost of eskilway the Grappler, a journeyman TrMo of Okawaru (D:10)
  A rakshasa (D:13)
  A vault guard (D:13)
  9 hydras
  4 alligators (Swamp:1)
  4 centaur warriors
  An anaconda (Lair:6)
  An ogre mage (Depths:1)
  8 death yaks
  5 two-headed ogres
  A deep troll shaman (Depths:1)
  An orc high priest (Orc:2)
  Sonja (Lair:5)
  Nergalle (Lair:3)
  A spriggan druid (Swamp:1)
  An unseen horror (D:14)
  5 wizards
  A swamp dragon (Swamp:1)
  A wolf spider zombie (D:14)
  An orange crystal statue (Gauntlet)
  2 orc knights
  A necromancer (D:15)
  Pikel (D:9)
  6 deep elf magi
  2 cyclopes
  A manticore (D:11)
  A shining eye (Gauntlet)
  16 ugly things
  4 orc sorcerers
  4 black mambas
  11 elephants
  A naga mage (D:15)
  4 spiny frogs
  A rime drake (Lair:6)
  2 efreet (D:15)
  5 komodo dragons
  A tengu conjurer (D:13)
  10 trolls
  A harpy skeleton (D:15)
  3 bog bodies
  A hornet (D:15)
  10 blink frogs
  2 tyrant leeches (Swamp:1)
  4 slime creatures
  16 hippogriffs
  3 wraiths (Lair:6)
  39 yaks
  4 shadows
  2 wyverns (Lair:3)
  2 basilisks
  2 wargs (D:15)
  17 humans (D:13)
  3 hungry ghosts
  10 vampire mosquitoes
  9 insubstantial wisps (Swamp:1)
  Menkaure (D:7)
  An acid dragon (D:13)
  3 swamp worms (Swamp:1)
  A floating eye (Gauntlet)
  2 porcupines
  15 water moccasins
  2 swamp drakes (Swamp:1)
  7 ice beasts
  5 sky beasts
  2 slaves (D:9)
  17 orc warriors
  A black bear (D:10)
  A phantom (D:6)
  A necrophage (D:12)
  3 wolves (Lair:5)
  17 ogres
  7 centaurs
  8 crocodiles
  2 big kobolds
  22 bullfrogs
  A gnoll sergeant (D:8)
  A water moccasin zombie (D:9)
  10 scorpions
  A wyvern skeleton (D:10)
  2 wights (D:6)
  A howler monkey (D:6)
  2 electric eels (D:10)
  3 crimson imps
  3 centaur zombies
  A quasit (D:6)
  A bullfrog zombie (D:10)
  7 jellies
  9 hounds
  19 orc priests
  4 bullfrog skeletons
  6 centaur skeletons
  Terence (D:1)
  3 iguanas
  38 orc wizards
  8 worker ants
  2 bullfrog simulacra (D:10)
  3 centaur simulacra
  A worker ant zombie (D:6)
  Robin (D:2)
  18 gnolls
  20 adders
  3 shadow imps
  3 white imps
  A worker ant simulacrum (D:10)
  2 ufetubi (D:10)
  2 adder zombies
  5 oozes
  2 adder skeletons
  A worm (D:2)
  2 dart slugs
  4 leopard geckos
  73 orcs
  4 ball pythons
  5 giant cockroaches
  20 goblins
  14 hobgoblins
  7 jackals
  21 kobolds
  3 quokkas
  5 bats
  3 frilled lizards
  A giant cockroach zombie (D:5)
  A jackal skeleton (D:4)
  A leopard gecko skeleton (D:7)
  2 quokka skeletons
  A quokka zombie (D:8)
  4 rats
  A butterfly (D:7)
  A plant (Lair:6)
739 creatures vanquished.

Vanquished Creatures (collateral kills)
  A hydra (D:15)
  A wizard (D:13)
  A deep elf mage (D:13)
  An orc sorcerer (Orc:2)
  An ugly thing (D:15)
  2 centaur skeletons (D:13)
  5 yaks (D:13)
  A human (D:13)
  An orc warrior (Orc:2)
  A hornet zombie (D:13)
  3 centaurs (D:13)
  A crocodile (Lair:2)
  2 orc priests (Orc:2)
  An orc wizard (Orc:2)
  An orc (D:12)
  A fungus (Lair:2)
24 creatures vanquished.

Vanquished Creatures (others)
  An eldritch tentacle (Swamp:1)
  Nessos (Lair:4)
  A centaur warrior (D:15)
  A catoblepas (D:14)
  2 death yaks (Lair:6)
  An unseen horror (D:10)
  An efreet (D:14)
  A troll (D:10)
  2 hippogriffs
  A shadow (D:10)
  A vampire (D:10)
  A swamp drake (Swamp:1)
  3 orc warriors
  A sky beast (D:10)
  2 ogres
  A phantom (D:14)
  6 centaurs
  A crocodile (Lair:3)
  A bullfrog (D:6)
  10 wights
  A crimson imp (D:10)
  6 orc priests
  7 orc wizards (Orc:1)
  2 worker ants
  A worker ant zombie (D:10)
  An adder (D:10)
  A leopard gecko (D:10)
  11 orcs
  A rat (D:1)
  8 fungi
  13 plants
  3 spectral weapons
  8 starspawn tentacles
102 creatures vanquished.

Grand Total: 865 creatures vanquished

Notes
Turn   | Place    | Note
-------+----------+-------------------------------------------
     0 | Abyss:1  | MelsaHvarei the Merfolk Abyssal Knight began the quest for
                  | the Orb.
     0 | Abyss:1  | Reached XP level 1. HP: 18/18 MP: 2/2
   214 | Abyss:1  | Noticed a worldbinder
   215 | D:1      | Escaped the Abyss
   513 | D:1      | Reached * piety under Lugonu
   537 | D:1      | Reached XP level 2. HP: 22/24 MP: 3/3
   607 | D:1      | Reached skill level 4 in Polearms
   755 | D:1      | Reached XP level 3. HP: 27/29 MP: 4/4
   879 | D:1      | You fall through a shaft!
   996 | D:1      | Reached skill level 5 in Polearms
  1697 | D:2      | Noticed Terence
  1769 | D:2      | Reached XP level 4. HP: 34/35 MP: 5/5
  2286 | D:2      | Noticed Robin
  2289 | D:2      | Found an iron altar of Okawaru.
  2324 | D:1      | Reached skill level 6 in Polearms
  2549 | D:2      | Reached ** piety under Lugonu
  2933 | D:1      | Killed Terence
  2933 | D:1      | Reached skill level 7 in Polearms
  2933 | D:1      | Reached XP level 5. HP: 27/41 MP: 6/6
  3089 | D:2      | Reached skill level 1 in Stealth
  4100 | D:2      | Killed Robin
  4224 | D:2      | Found an iron altar of Okawaru.
  4555 | D:3      | Reached XP level 6. HP: 30/47 MP: 8/8
  4845 | D:3      | Reached skill level 8 in Polearms
  5397 | D:4      | Reached *** piety under Lugonu
  5518 | D:4      | Reached skill level 5 in Invocations
  5634 | D:4      | Reached XP level 7. HP: 52/52 MP: 10/10
  5992 | D:5      | Entered Level 5 of the Dungeon
  7666 | D:5      | Found a hazy altar of Hepliaklqana.
  7722 | D:5      | Found a deep blue altar of Sif Muna.
  7741 | D:5      | Found a shattered altar of Ashenzari.
  7896 | D:4      | Reached skill level 5 in Fighting
  8454 | D:6      | Reached XP level 8. HP: 49/62 MP: 11/13
  8659 | D:6      | Found Laediaf's Armour Boutique.
  9481 | D:6      | Reached **** piety under Lugonu
 10131 | D:7      | Reached skill level 5 in Dodging
 10131 | D:7      | Reached XP level 9. HP: 72/72 MP: 15/15
 10714 | D:5      | Found an opulent altar of Gozag.
 10797 | D:5      | Learned a level 2 spell: Call Imp
 11144 | D:7      | Noticed Menkaure
 11389 | D:6      | Reached skill level 1 in Summonings
 11431 | D:7      | Found a shimmering altar of Xom.
 11700 | D:9      | Got a warped scale mail
 12356 | D:7      | Reached skill level 9 in Polearms
 13659 | D:6      | Reached skill level 10 in Polearms
 13729 | D:7      | Killed Menkaure
 14265 | D:7      | Reached XP level 10. HP: 77/80 MP: 16/16
 14286 | D:7      | Found a staircase to the Ecumenical Temple.
 14413 | D:7      | Reached skill level 5 in Summonings
 14461 | Temple   | Entered the Ecumenical Temple
 14937 | D:6      | Found Laediaf's Armour Boutique.
 15027 | D:7      | Reached skill level 11 in Polearms
 15535 | D:8      | Found Pugake's Antique Weapon Emporium.
 15546 | D:8      | Bought a glowing trident for 182 gold pieces
 15627 | D:8      | Found a hide-covered altar of Uskayaw.
 15630 | D:8      | Noticed a +0 dagger
 15631 | D:8      | Noticed a +0 hand axe
 17064 | D:9      | Found Jair Foi's General Store.
 17406 | D:9      | You fall through a shaft for 3 floors!
 17416 | D:12     | Reached skill level 12 in Polearms
 17459 | D:11     | Noticed a manticore
 17469 | D:10     | Entered Level 10 of the Dungeon
 17741 | D:10     | Found a sparkling altar of Nemelex Xobeh.
 17817 | D:10     | Found a runed translucent gate.
 17818 | D:10     | Found a runed translucent gate.
 17818 | D:10     | Noticed eskilway's ghost (journeyman TrMo)
 17819 | D:10     | Found a runed translucent gate.
 17819 | D:10     | Noticed a nine-headed hydra
 17820 | D:10     | Noticed a ten-headed hydra
 17823 | D:10     | Noticed a two-headed ogre
 17836 | D:10     | Killed a two-headed ogre
 18044 | D:10     | Banished an unseen horror
 18628 | D:9      | Found a burning altar of Makhleb.
 18680 | D:9      | Noticed Pikel
 18705 | D:9      | Killed Pikel
 18769 | D:9      | Bought a scroll of magic mapping for 45 gold pieces
 18769 | D:9      | Bought a scroll of enchant weapon for 97 gold pieces
 18990 | D:9      | Identified a +1 pair of boots of running (You found it on
                  | level 9 of the Dungeon)
 19054 | D:9      | Found a radiant altar of Vehumet.
 19128 | D:9      | Reached XP level 11. HP: 74/89 MP: 17/17
 19259 | D:9      | Found a basalt altar of Yredelemnul.
 19362 | D:9      | Reached skill level 13 in Polearms
 19623 | D:10     | Reached ***** piety under Lugonu
 19870 | D:10     | Corrupted D:10
 19870 | D:10     | Noticed a tentacled starspawn
 19870 | D:10     | Noticed a phantasmal warrior
 19871 | D:10     | Noticed a large abomination
 19871 | D:10     | Noticed a large abomination
 19873 | D:10     | Noticed a starcursed mass
 19913 | D:11     | Noticed a two-headed ogre
 19926 | D:10     | Noticed a thrashing horror
 19978 | D:10     | Noticed a large abomination
 20441 | D:10     | Found a staircase to the Lair.
 21332 | D:11     | Reached skill level 10 in Fighting
 21935 | Lair:1   | Entered Level 1 of the Lair of Beasts
 21966 | Lair:1   | Reached skill level 14 in Polearms
 22356 | Lair:1   | Learned a level 3 spell: Call Canine Familiar
 23254 | Lair:2   | Noticed Nergalle
 23387 | Lair:3   | Killed Nergalle
 23491 | Lair:2   | Found a staircase to the Swamp.
 23543 | Lair:2   | Found a staircase to the Snake Pit.
 23619 | Lair:2   | Noticed a seven-headed hydra
 23676 | Lair:2   | Killed a seven-headed hydra
 24328 | Lair:3   | Identified the Papyrus of Protection and Weightlessness
 24370 | Lair:3   | Reached XP level 12. HP: 90/100 MP: 18/18
 24532 | Lair:3   | Reached skill level 1 in Shields
 24952 | Lair:3   | Got a slimy leather armour
 24963 | Lair:3   | Identified the +5 leather armour of Daffodils {rC+ Slay+2
                  | SInv} (You found it on level 3 of the Lair of Beasts)
 25328 | Lair:3   | Found the +8 whip "Snakebite" {curare, rPois}
 25730 | Lair:4   | Noticed Rupert
 25761 | Lair:4   | Killed Rupert
 25761 | Lair:4   | Reached skill level 10 in Dodging
 25839 | Lair:4   | Found a gate leading to a gauntlet.
 25846 | Gauntlet | Entered a Gauntlet
 25846 | Gauntlet | Found a transporter.
 25856 | Gauntlet | Found a transporter.
 25871 | Gauntlet | Found a transporter.
 25876 | Gauntlet | Found a transporter.
 25897 | Gauntlet | Found a transporter.
 25910 | Gauntlet | Found a transporter.
 25934 | Gauntlet | Found a transporter.
 25934 | Gauntlet | Noticed a ghost crab
 25940 | Gauntlet | Found a transporter.
 25951 | Gauntlet | Found a large runed translucent door.
 25952 | Gauntlet | Found a large runed translucent door.
 25953 | Gauntlet | Found a large runed translucent door.
 25953 | Gauntlet | Found a large runed translucent door.
 25954 | Gauntlet | Found a runed translucent gate.
 25955 | Gauntlet | Found a transporter.
 25955 | Gauntlet | Found a runed translucent gate.
 25956 | Gauntlet | Found a runed translucent gate.
 25957 | Gauntlet | Found a large runed translucent door.
 25957 | Gauntlet | Found a large runed translucent door.
 25958 | Gauntlet | Found a large runed translucent door.
 25959 | Gauntlet | Found a large runed translucent door.
 25963 | Gauntlet | Found a large runed translucent door.
 25964 | Gauntlet | Found a large runed translucent door.
 25965 | Gauntlet | Found a large runed translucent door.
 25965 | Gauntlet | Found a large runed translucent door.
 25966 | Gauntlet | Found a runed translucent gate.
 25967 | Gauntlet | Found a transporter.
 25967 | Gauntlet | Found a runed translucent gate.
 25968 | Gauntlet | Found a runed translucent gate.
 25969 | Gauntlet | Found a large runed translucent door.
 25969 | Gauntlet | Found a large runed translucent door.
 25970 | Gauntlet | Found a large runed translucent door.
 25971 | Gauntlet | Found a large runed translucent door.
 25978 | Gauntlet | Noticed a dire elephant
 25979 | Gauntlet | Found a transporter.
 25997 | Gauntlet | Found a transporter.
 26010 | Gauntlet | Found a large runed translucent door.
 26011 | Gauntlet | Found a large runed translucent door.
 26012 | Gauntlet | Found a large runed translucent door.
 26012 | Gauntlet | Found a large runed translucent door.
 26013 | Gauntlet | Found a runed translucent door.
 26014 | Gauntlet | Found a transporter.
 26015 | Gauntlet | Found a runed translucent door.
 26016 | Gauntlet | Found a transporter.
 26016 | Gauntlet | Found a large runed translucent door.
 26016 | Gauntlet | Found a large runed translucent door.
 26017 | Gauntlet | Found a large runed translucent door.
 26043 | Gauntlet | Found a transporter.
 26063 | Gauntlet | Found a transporter.
 26149 | Gauntlet | Found a large runed translucent door.
 26149 | Gauntlet | Found a large runed translucent door.
 26149 | Gauntlet | Found a runed translucent door.
 26149 | Gauntlet | Found a runed translucent door.
 26150 | Gauntlet | Found a large runed translucent door.
 26151 | Gauntlet | Found a large runed translucent door.
 26153 | Gauntlet | Found a transporter.
 26157 | Gauntlet | Found a transporter.
 26177 | Gauntlet | Found a large runed translucent door.
 26177 | Gauntlet | Found a large runed translucent door.
 26177 | Gauntlet | Found a large runed translucent door.
 26178 | Gauntlet | Found a large runed translucent door.
 26179 | Gauntlet | Found a large runed translucent door.
 26275 | Gauntlet | Gained mutation: You are dopey. (Int -2) [a shining eye]
 26473 | Gauntlet | Noticed a death yak
 26473 | Gauntlet | Noticed a death yak
 26473 | Gauntlet | Noticed a death yak
 26473 | Gauntlet | Noticed a death yak
 26473 | Gauntlet | Noticed a death yak
 26604 | Gauntlet | Got a faintly glowing hat
 26609 | Gauntlet | Got a slimy chain mail
 26621 | Gauntlet | Identified the +1 hat "Aliv" {*Slow rElec rF+ Str+2} (You
                  | found it in a Gauntlet)
 26677 | Gauntlet | Noticed a minotaur
 26727 | Gauntlet | Killed a minotaur
 27020 | Gauntlet | Identified Syjuyng's Grimoire of Mutagenic Battle Magic
 27026 | Gauntlet | Learned a level 3 spell: Spectral Weapon
 27033 | Lair:4   | Reached skill level 1 in Charms
 27234 | Lair:4   | Noticed an eight-headed hydra
 27321 | Lair:4   | Killed an eight-headed hydra
 27321 | Lair:4   | Reached XP level 13. HP: 43/108 MP: 4/19
 27534 | Lair:4   | Noticed Nessos
 27545 | Lair:4   | Killed Nessos
 27799 | Lair:4   | Reached skill level 15 in Polearms
 27944 | Lair:4   | Reached skill level 5 in Charms
 28957 | Lair:5   | Noticed Sonja
 28974 | Lair:5   | Killed Sonja
 29320 | Lair:5   | Reached skill level 16 in Polearms
 29827 | Lair:6   | Entered Level 6 of the Lair of Beasts
 29907 | Lair:6   | Reached skill level 17 in Polearms
 30472 | Lair:6   | Found a staircase to the Slime Pits.
 31069 | Lair:6   | Noticed Josephine
 31072 | Lair:6   | Reached skill level 18 in Polearms
 31105 | Lair:6   | Killed Josephine
 31958 | Lair:6   | Reached XP level 14. HP: 108/115 MP: 20/20
 32134 | Lair:6   | Reached skill level 19 in Polearms
 32134 | Lair:6   | Reached skill level 1 in Spellcasting
 32147 | Lair:6   | Noticed a dire elephant
 32158 | Lair:6   | Noticed a dire elephant
 32158 | Lair:6   | Noticed a dire elephant
 32204 | Lair:6   | Killed a dire elephant
 32215 | Lair:6   | Killed a dire elephant
 32308 | Lair:6   | Identified the +8 chain mail of Igriurr {Int+9} (You found
                  | it in a Gauntlet)
 32379 | Lair:6   | Killed a dire elephant
 32549 | Lair:6   | Got an encrusted spear
 32550 | Lair:6   | Identified the +10 spear of Sefulid {drain, +Inv rF- Dex+4
                  | SInv} (You found it on level 6 of the Lair of Beasts)
 32581 | Lair:6   | Noticed a dire elephant
 32602 | Lair:6   | Killed a dire elephant
 32817 | Lair:6   | Noticed a dire elephant
 32846 | Lair:6   | Killed a dire elephant
 33444 | D:10     | Killed eskilway's ghost
 34309 | D:11     | Reached skill level 20 in Polearms
 34353 | D:11     | Reached skill level 5 in Spellcasting
 34883 | D:12     | Identified a scroll of acquirement
 35084 | Temple   | Identified the Almanac of the Creative Traveller (You
                  | acquired it in the Ecumenical Temple)
 35096 | Temple   | Learned a level 5 spell: Summon Demon
 35232 | Temple   | Learned a level 5 spell: Aura of Abjuration
 35412 | D:12     | Found a staircase to the Orcish Mines.
 36505 | D:13     | Reached ****** piety under Lugonu
 36625 | D:13     | Reached XP level 15. HP: 65/120 MP: 24/24
 37066 | D:13     | Reached skill level 10 in Invocations
 37144 | D:13     | Found a gate to the Vaults.
 37948 | D:14     | Corrupted D:14
 37951 | D:14     | Noticed a lich
 38746 | D:14     | Found a basalt altar of Yredelemnul.
 38775 | D:14     | Found Xegh's Armour Shoppe.
 39106 | D:15     | Entered Level 15 of the Dungeon
 39969 | D:15     | Noticed Agnes
 39983 | D:15     | Killed Agnes
 39990 | D:15     | Reached skill level 10 in Summonings
 40180 | D:15     | Found a staircase to the Depths.
 40458 | Depths:1 | Entered Level 1 of the Depths
 40939 | Orc:1    | Entered Level 1 of the Orcish Mines
 41050 | Orc:2    | Entered Level 2 of the Orcish Mines
 41146 | Orc:2    | Found Ruofigyq's Distillery.
 41154 | Orc:2    | Bought a potion of magic for 120 gold pieces
 41154 | Orc:2    | Bought a potion of ambrosia for 120 gold pieces
 41154 | Orc:2    | Bought a potion of curing for 45 gold pieces
 41154 | Orc:2    | Bought a potion of curing for 45 gold pieces
 41154 | Orc:2    | Bought a potion of heal wounds for 75 gold pieces
 41154 | Orc:2    | Bought a potion of curing for 45 gold pieces
 41154 | Orc:2    | Bought a potion of haste for 150 gold pieces
 41154 | Orc:2    | Bought a potion of brilliance for 60 gold pieces
 41154 | Orc:2    | Bought a potion of might for 60 gold pieces
 41154 | Orc:2    | Bought a potion of lignification for 45 gold pieces
 41218 | Orc:2    | Found a roughly hewn altar of Beogh.
 41240 | Orc:2    | Reached XP level 16. HP: 103/127 MP: 25/25
 42429 | Orc:2    | Found a staircase to the Elven Halls.
 42550 | Orc:2    | Found Mearphemu's Gadget Shoppe.
 42550 | Orc:2    | Found Acusaen's Antique Armour Shoppe.
 42551 | Orc:2    | Found Feimp's Book Emporium.
 42561 | Orc:2    | Found Xeskizal's Assorted Antiques.
 42672 | Orc:2    | Bought a potion of might for 96 gold pieces
 42672 | Orc:2    | Bought a scroll of teleportation for 72 gold pieces
 42672 | Orc:2    | Bought a scroll of identify for 48 gold pieces
 42672 | Orc:2    | Bought a scroll of summoning for 228 gold pieces
 42672 | Orc:2    | Bought a glittering iron amulet for 120 gold pieces
 42672 | Orc:2    | Bought a scroll of identify for 48 gold pieces
 42672 | Orc:2    | Bought a scroll of amnesia for 84 gold pieces
 43116 | Orc:2    | Identified the amulet "Muxt" {Harm *Drain rPois MR+} (You
                  | bought it in a shop on level 2 of the Orcish Mines)
 43481 | Orc:2    | Noticed Donald
 43530 | Orc:2    | Killed Donald
 43990 | Orc:1    | Noticed Erolcha
 43992 | Orc:1    | Corrupted Orc:1
 43992 | Orc:1    | Noticed a revenant
 43992 | Orc:1    | Noticed a tentacled starspawn
 43997 | Orc:1    | Noticed a lich
 44185 | Orc:1    | Noticed a bone dragon
 44199 | Orc:2    | Killed Erolcha
 44226 | Orc:1    | Noticed a tentacled starspawn
 45459 | Orc:1    | Noticed a tentacled starspawn
 45966 | Temple   | Upgraded the game from 0.23-b1 to 0.23-b1-3-gdda8187c6f
 46116 | Swamp:1  | Entered Level 1 of the Swamp
 46271 | Swamp:1  | Found a transporter.
 46421 | Swamp:1  | Noticed a thorn hunter
 46438 | Swamp:1  | Killed a thorn hunter
 47025 | Swamp:1  | Found a transporter.
 47531 | Swamp:1  | Paralysed by the power of Zot for 4 turns
 47545 | Swamp:1  | Noticed a thorn hunter
 48125 | Abyss:1  | Incinerated by a balrug

Skill      XL: |  1  2  3  4  5  6  7  8  9 10 11 12 13 14 15 16 |
---------------+-------------------------------------------------+-----
Polearms       | 4 5 7 8 10 12 14 18 20 | 20.0
Stealth        | 1 |  1.4
Invocations    | 3 5 6 8 9 12 | 12.0
Fighting       | 5 7 8 9 11 12 13 | 13.0
Dodging        | 5 6 8 12 13 | 13.4
Summonings     | 4 6 7 8 11 12 | 12.0
Shields        | 4 |  4.7
Charms         | 3 6 8 |  8.0
Spellcasting   | 6 |  6.0
Armour         | |  0.6

Action                   |  1- 3 |  4- 6 |  7- 9 | 10-12 | 13-15 | 16-18 || total
-------------------------+-------+-------+-------+-------+-------+-------++-------
Melee: Spear             |   132 |   363 |   888 |    91 |  1069 |   420 ||  2963
       Trident           |       |       |       |   742 |   526 |       ||  1268
       Tailslap          |       |       |       |     2 |    19 |    16 ||    37
 Cast: Call Imp          |       |       |     2 |    28 |     5 |     2 ||    37
       Call Canine Famil |       |       |       |    15 |     3 |       ||    18
       Summon Demon      |       |       |       |       |     7 |    10 ||    17
       Spectral Weapon   |       |       |       |       |     2 |     2 ||     4
       Aura of Abjuratio |       |       |       |       |       |     4 ||     4
Invok: Depart the Abyss  |     1 |       |       |       |       |       ||     1
       Banish            |       |       |     3 |     4 |       |       ||     7
       Bend Space        |       |       |     2 |    10 |     2 |     4 ||    18
       Corrupt           |       |       |       |     1 |     1 |     1 ||     3
       Enter the Abyss   |       |       |       |       |       |     1 ||     1
Evoke: Wand              |       |       |       |    13 |     8 |       ||    21
  Use: Scroll            |     6 |     4 |    17 |    18 |    10 |     6 ||    61
       Potion            |       |       |     7 |    17 |     5 |     4 ||    33
 Stab: Sleeping          |     1 |     9 |     5 |    11 |    12 |       ||    38
       Distracted        |       |     2 |     1 |     2 |     9 |     6 ||    20
       Invisible         |       |       |       |       |     6 |       ||     6
  Eat: Ration            |     1 |     1 |     4 |       |     5 |     6 ||    17
       Chunk             |       |     8 |    19 |    49 |    59 |     8 ||   143
Armor: Leather armour    |    25 |    77 |   210 |   164 |   166 |    88 ||   730
       Skin              |       |       |       |    17 |       |       ||    17
       Chain mail        |       |       |       |       |     3 |       ||     3
Dodge: Dodged            |    45 |   119 |   342 |   388 |   532 |   245 ||  1671
Block: Buckler           |       |    19 |    95 |   127 |   449 |   186 ||   876
       Reflection        |       |       |       |       |    31 |    10 ||    41
